AoeStats
← Jar5

Arena

510624727Analyzed
4v4 RM · 2d ago on Oct 1, 2026· 44m 19s· 8 players
Game mode
Random Map
Map size
Large (8 player)
Population
200
Speed
Normal
Resources
Standard
Victory
Conquest
Starting age
Dark Age
Ending age
Imperial Age
RankedLock teamsTeams togetherTeam positionsShared explorationLock speedFull tech treeHidden civsTurbo modeCheats
Victory
Defeat
🇩🇪 Shu · Germany
1100
+16
🇩🇪 Gurjaras · Germany
1084
+17
🇫🇮 Saxons · Finland
1043
+19
🇬🇧 Japanese · United Kingdom
1006
+20
🇮🇹 Cumans · Italy
1209
-22
🇮🇹 Magyars · Italy
1127
-19
🇮🇹 Vikings · Italy
1080
-17
🇮🇹 Franks · Italy
1000
-43
I Chris I4718
9:51 Feudal Age
15:02 Castle Age
14:19 Double-Bit Axe
25:53 Bloodlines
27:27 Scale Barding Armor
32:33 Forging
33:56 Husbandry
35:44 Chain Barding Armor
House of Bebu
11:06 Feudal Age
9:31 Loom
15:04 Castle Age
13:02 Double-Bit Axe
13:17 Horse Collar
16:22 Bow Saw
16:14 Heavy Plow
20:05 Man-at-Arms
21:47 Scale Mail Armor
22:27 Stone Mining
22:29 Gambesons
23:16 Long Swordsman
23:57 Squires
23:42 Arson
24:30 Forging
25:12 Wheelbarrow
25:13 Gold Mining
26:23 Iron Casting
27:41 Chain Mail Armor
30:10 Gold Shaft Mining
29:16 Pikeman
34:06 Imperial Age
31:51 Hand Cart
31:21 Treadmill Crane
32:31 Fletching
33:43 Fortified Wall
33:44 Masonry
34:16 Two-Handed Swordsman
34:23 Halberdier
35:02 Murder Holes
35:29 Conscription
36:15 Blast Furnace
35:45 Plate Mail Armor
35:12 Bodkin Arrow
35:28 Champion
41:47 Bracer
43:30 Two-Man Saw
44:12 Yasama
45:21 Chemistry
Pontifux
11:33 Feudal Age
15:53 Castle Age
14:39 Double-Bit Axe
14:36 Horse Collar
16:56 Bow Saw
20:27 Loom
22:17 Wheelbarrow
24:34 Town Watch
25:25 Heavy Plow
29:13 Imperial Age
29:21 Fletching
29:31 Padded Archer Armor
30:26 Hand Cart
30:18 Bodkin Arrow
29:45 Crossbowman
30:31 Thumb Ring
31:00 Bow Saw
30:23 Arbalester
33:31 Two-Man Saw
32:54 Bracer
33:31 Gold Mining
33:31 Stone Mining
36:43 Chemistry
36:05 Ballistics
37:19 Conscription
38:04 Leather Archer Armor
39:43 Ring Archer Armor
39:51 Fortified Wall
41:19 Bolt Magazine
Faceless
3:25 Loom
11:37 Feudal Age
13:57 Double-Bit Axe
16:30 Castle Age
17:34 Horse Collar
24:31 Heavy Plow
25:20 Wheelbarrow
26:57 Pikeman
27:39 Squires
27:40 Scale Mail Armor
29:35 Hand Cart
30:49 Masonry
30:50 Fortified Wall
31:43 Chain Mail Armor
31:44 Forging
35:15 Imperial Age
32:59 Gold Mining
32:59 Stone Mining
32:45 Man-at-Arms
34:26 Iron Casting
35:23 Hand Cart
34:57 Treadmill Crane
36:19 Conscription
35:20 Shield Wall
35:24 Elite Hearth Troop
35:55 Halberdier
36:00 Elite Hearth Troop
38:21 Ballistics
39:02 Chemistry
37:53 Fletching
38:34 Plate Mail Armor
38:58 Thumb Ring
38:14 Elite Skirmisher
39:44 Architecture
39:19 Siege Engineers
Angrboda1651
11:07 Feudal Age
12:50 Double-Bit Axe
15:21 Castle Age
13:30 Horse Collar
16:39 Bow Saw
23:23 Bow Saw
25:02 Wheelbarrow
24:34 Gold Mining
26:01 Gold Shaft Mining
28:37 Hand Cart
28:07 Loom
28:08 Town Watch
31:23 Imperial Age
29:30 Padded Archer Armor
29:20 Fletching
31:23 Bodkin Arrow
31:43 Leather Archer Armor
31:39 Thumb Ring
32:01 Ballistics
31:51 Heavy Cavalry Archer
32:56 Parthian Tactics
32:57 Conscription
35:11 Two-Man Saw
34:07 Stone Mining
34:32 Recurve Bow
36:00 Bracer
37:26 Ring Archer Armor
37:02 Scale Barding Armor
37:14 Elite Skirmisher
37:40 Sappers
39:42 Chemistry
38:48 Siege Engineers
38:39 Treadmill Crane
38:50 Guard Tower
Ottone il Grande
12:04 Feudal Age
16:28 Castle Age
14:31 Double-Bit Axe
14:31 Horse Collar
17:53 Loom
18:56 Fletching
Jar5
16:00 Feudal Age
14:58 Loom
20:36 Gold Mining
25:09 Castle Age
23:35 Stone Mining
32:35 Light Cavalry
34:02 Gold Shaft Mining
34:02 Husbandry
Omega
9:25 Feudal Age
10:15 Double-Bit Axe
10:13 Horse Collar
14:07 Loom
18:07 Gold Mining
21:55 Castle Age
21:30 Forging
21:26 Scale Barding Armor
21:33 Bloodlines
25:16 Gold Shaft Mining
26:12 Iron Casting
26:57 Chain Barding Armor
30:50 Heavy Plow
31:01 Bow Saw
31:29 Wheelbarrow
30:40 Town Watch
31:24 Fletching
33:16 Town Patrol
36:05 Imperial Age
36:02 Bodkin Arrow
37:09 Hand Cart
37:00 Elite Steppe Lancer
38:42 Blast Furnace
39:40 Murder Holes
40:06 Ballistics
40:36 Conscription
40:16 Steppe Husbandry
40:18 Cuman Mercenaries
41:17 Cavalier
Connection lost

Rejoining the realm…

Still unreachable

The connection could not be restored.

Session expired

The server has moved on; the page needs a fresh start.